 Dungeon Crawl Stone Soup version 0.28-a0-664-gc179e30c89 (webtiles) character file.

Game seed: 6491297751287007122

6958 bande the Cleaver (level 11, -4/66 HPs)
             Began as a Gargoyle Fighter on Oct 17, 2021.
             Was an Elder of Okawaru.
             Slain by a two-headed ogre (16 damage)
             ... on level 9 of the Dungeon.
             The game lasted 00:18:59 (8609 turns).

bande the Cleaver (Gargoyle Fighter)                Turns: 8609, Time: 00:19:00

Health: -4/66      AC: 27    Str: 21    XL:     11   Next: 7%
Magic:  14/14      EV: 10    Int:  9    God:    Okawaru [****..]
Gold:   810        SH:  5    Dex: 13    Spells: 8/10 levels left

rFire   . . .      SeeInvis .   x - +5 war axe (freeze)
rCold   . . .      Faith    +   c - +0 buckler
rNeg    + . .      Spirit   .   q - +0 plate armour
rPois   ∞          Reflect  .   (no helmet)
rElec   +          Harm     .   (no cloak)
rCorr   .          Rampage  .   (no gloves)
Will    .....                   (no boots)
Stlth   ..........              b - amulet of faith
HPRegen 0.21/turn               h - +4 ring of evasion
MPRegen 0.14/turn               i - +4 ring of protection

@: no status effects
A: sickness immunity, AC +8, negative energy resistance 1, electricity
resistance, torment resistance 1, petrification resistance, iridescent scales 1,
thin skeletal structure 1, sense surroundings 1
a: Renounce Religion, Heroism, Finesse


You were on level 9 of the Dungeon.
You worshipped Okawaru.
Okawaru was greatly pleased with you.
You visited 2 branches of the dungeon, and saw 10 of its levels.
You also visited: Bailey.

You collected 810 gold pieces.

Inventory:

Hand Weapons
 a - a +1 war axe of protection
 x - a +5 war axe of freezing (weapon)
 A - a +2 hand axe of flaming
Armour
 c - a +0 buckler (worn)
 q - a +0 plate armour (worn)
Jewellery
 b - an amulet of faith (around neck)
 h - a +4 ring of evasion (left hand)
 i - a +4 ring of protection (right hand)
 n - a +4 ring of evasion
 r - a ring of resist corrosion
 s - a ring of flight
 v - a ring of willpower
 w - a ring of protection from cold
Wands
 e - a wand of iceblast (10)
 o - a wand of paralysis (10)
 u - a wand of digging (7)
 z - a wand of polymorph (10)
Scrolls
 l - 2 scrolls of amnesia
 p - a scroll of fog
 t - 2 scrolls of teleportation
 y - a scroll of enchant weapon
Potions
 d - 2 potions of might
 f - 2 potions of magic
 g - 2 potions of flight
 j - 6 potions of curing
 k - a potion of brilliance
 m - 2 potions of berserk rage


   Skills:
 + Level 6.7 Fighting
 + Level 9.6 Axes
 + Level 6.9 Armour
 - Level 0.5 Stealth
 + Level 5.8 Shields
 * Level 6.0 Translocations
 * Level 4.6 Invocations
 * Level 4.6 Evocations


You had 8 spell levels left.
You knew the following spells:

 Your Spells              Type           Power      Damage    Failure   Level
a - Blink                 Tloc           N/A        N/A       69%         2

Your spell library contained the following spells:

 Spells                   Type           Power      Damage    Failure   Level
 Lesser Beckoning         Tloc           10%        N/A       89%         3
 Corpse Rot               Necr/Air       N/A        N/A       100%        2
 Poisonous Vapours        Pois/Air       0%         N/A       100%        2
 Slow                     Hex            0%         N/A       100%        2
 Static Discharge         Conj/Air       0%         N/A       100%        2
 Confusing Touch          Hex            0%         N/A       100%        3
 Vampiric Draining        Necr           0%         2d6       100%        3
 Lightning Bolt           Conj/Air       0%         1d11      100%        5
 Manifold Assault         Tloc           10%        N/A       100%        5
 Maxwell's Capacitive Co  Air            0%         ∞         100%        8


Dungeon Overview and Level Annotations

Branches:
Dungeon (9/15)             Temple (1/1) D:7          Bailey (visited)
   Lair: D:8-11         Orc: D:9-12

Altars:
Ashenzari
Cheibriados
Fedhas
Gozag
Hepliaklqana
Kikubaaqudgha
Makhleb
Okawaru
Qazlal
Ru
Sif Muna
Trog
Uskayaw
Vehumet
Yredelemnul
Zin
The Shining One

Shops:
D:3 !


Innate Abilities, Weirdness & Mutations

You are immune to sickness and miasma.
Your stone body is resilient. (AC +8)
You are immune to poison.
You resist negative energy. (rN+)
You are resistant to electric shocks. (rElec)
You are resistant to unholy torment.
You are immune to petrification.
You are partially covered in iridescent scales. (AC +2)
You have a somewhat thin skeletal structure. (Dex +2, Stealth+)
You passively map a small area around you.


Message History

Okawaru accepts your kill.
You block the centaur zombie's attack. x2
The kobold brigand throws a poisoned dart.
The poisoned dart hits you!
A gnoll sergeant comes into view. It is wielding a +0 spear.
An orc wizard comes into view. It is wielding a +0 dagger.
Your Translocations skill increases to level 6!
You barely miss the two-headed ogre.
The two-headed ogre is moderately wounded.
The orc wizard shouts!
You hit the centaur zombie. You block the centaur zombie's attack.
The centaur zombie kicks you but does no damage.
The two-headed ogre barely misses you. x2
The centaur zombie hits you but does no damage.
The centaur zombie kicks you but does no damage.
Unknown command.
You hit the two-headed ogre. You freeze the two-headed ogre.
The two-headed ogre is heavily wounded.
You hit the centaur zombie. The gnoll sergeant barely misses you.
The kobold brigand throws a poisoned dart.
The poisoned dart hits you! You block the two-headed ogre's attack.
The two-headed ogre hits you but does no damage.
The centaur zombie hits you but does no damage.
The centaur zombie closely misses you.
You barely miss the two-headed ogre.
The two-headed ogre is heavily wounded.
You hit the centaur zombie.
The centaur zombie hits you but does no damage.
You block the centaur zombie's attack. The gnoll sergeant closely misses you.
The two-headed ogre barely misses you. The two-headed ogre misses you.
You block the centaur zombie's attack. The centaur zombie closely misses you.
You barely miss the two-headed ogre.
The two-headed ogre is moderately wounded.
Your plate armour prevents you from hitting the kobold brigand.
You hit the centaur zombie.
The gnoll sergeant hits you but does no damage.
You block the kobold brigand's attack. You block the centaur zombie's attack.
The centaur zombie barely misses you. The two-headed ogre closely misses you.
The two-headed ogre hits you with a +0 giant spiked club!
You die...

#....#....#....##.
###########...##.,#*
#.........#..##.#..
, #............#...
, , #............#.#
,, * *,
#.........##.)# , ,
#...........g#.# * ,
#..........ZO#...* *
#...###.....@# .#. ,
#.. #.....#..K# . #
, , +.....#...o##. *
,#######.....#* * ,,
, ........ , ,
.######... , . , ,
..## , . ,.# , , ≈


You could see a two-headed ogre, a kobold brigand, a gnoll sergeant, an orc
wizard and a centaur zombie.

Vanquished Creatures
  Maggie (D:9)
  2 hornets
  Grinder (D:4)
  Sigmund (D:5)
  9 yaks
  2 steam dragons
  A water moccasin (D:7)
  2 black bears (D:5)
  6 orc warriors
  2 necrophages
  2 ice beasts (D:7)
  An ogre (D:5)
  6 centaurs
  3 kobold brigands
  A phantom (D:5)
  Blork the orc (D:4)
  2 bullfrogs
  A scorpion (D:5)
  A water moccasin zombie (D:5)
  3 wyvern skeletons (D:7)
  A water moccasin skeleton (D:7)
  A wight (D:8)
  15 killer bees
  4 howler monkeys
  3 centaur zombies
  A bullfrog zombie (D:5)
  A hound (D:4)
  A jelly (D:6)
  3 orc priests
  8 orc wizards
  Natasha (twice) (D:4)
  4 iguanas
  2 killer bee zombies
  A hound zombie (D:5)
  2 hound skeletons (D:4)
  5 gnolls (D:8)
  6 adders
  A white imp (D:5)
  2 ufetubi
  An adder skeleton (D:4)
  2 worms
  3 dart slugs
  26 orcs
  11 endoplasms
  11 goblins
  9 hobgoblins
  A jackal (D:1)
  2 quokkas
  11 ball pythons
  5 bats
  5 frilled lizards
  15 kobolds
  10 rats
223 creatures vanquished.

Notes
Turn   | Place    | Note
-------+----------+-------------------------------------------
     0 | D:1      | bande the Gargoyle Fighter began the quest for the Orb.
     0 | D:1      | Reached XP level 1. HP: 14/14 MP: 1/1
    50 | D:1      | Found a faded altar of an unknown god.
   259 | D:1      | Reached XP level 2. HP: 19/19 MP: 2/2
   269 | D:1      | Reached skill level 2 in Axes
   820 | D:1      | Reached XP level 3. HP: 24/24 MP: 3/3
   823 | D:1      | Learned a level 2 spell: Blink
  1814 | D:2      | Reached XP level 4. HP: 25/29 MP: 4/4
  2209 | D:3      | Gained mutation: You are frail. (-10% HP) [potion of
                  | mutation]
  2209 | D:3      | Gained mutation: You passively map a small area around you.
                  | [potion of mutation]
  2209 | D:3      | Gained mutation: You have a somewhat thin skeletal
                  | structure. (Dex +2, Stealth+) [potion of mutation]
  2210 | D:3      | Lost mutation: You are frail. (-10% HP) [potion of
                  | mutation]
  2210 | D:3      | Gained mutation: You are partially covered in iridescent
                  | scales. (AC +2) [potion of mutation]
  2352 | D:3      | Found Usminlis's Distillery.
  2610 | D:3      | Reached skill level 3 in Axes
  2610 | D:3      | Reached skill level 1 in Translocations
  3156 | D:4      | Noticed Blork the orc
  3163 | D:4      | Killed Blork the orc
  3164 | D:4      | Reached XP level 5. HP: 27/33 MP: 5/5
  3338 | D:4      | Found a basalt altar of Yredelemnul.
  3338 | D:4      | Noticed a necrophage
  3349 | D:4      | Killed a necrophage
  3350 | D:4      | Reached skill level 4 in Axes
  3350 | D:4      | Reached XP level 6. HP: 38/38 MP: 6/6
  3473 | D:4      | Noticed Natasha
  3477 | D:4      | Killed Natasha
  3692 | D:4      | Noticed Grinder
  3703 | D:4      | Killed Grinder
  3704 | D:4      | Reached skill level 5 in Axes
  3704 | D:4      | Reached XP level 7. HP: 31/44 MP: 7/7
  3814 | D:4      | Noticed Natasha
  3822 | D:4      | Killed Natasha
  4496 | D:5      | Entered Level 5 of the Dungeon
  4630 | D:5      | Noticed Sigmund
  4641 | D:5      | Killed Sigmund
  4642 | D:5      | Reached XP level 8. HP: 43/48 MP: 8/8
  4684 | D:5      | Found a shimmering blue altar of Sif Muna.
  4684 | D:5      | Found a broken altar of Ashenzari.
  4686 | D:5      | Found a snail-covered altar of Cheibriados.
  4735 | D:5      | Reached skill level 5 in Armour
  4748 | D:5      | Reached skill level 6 in Axes
  4954 | D:5      | Reached skill level 5 in Fighting
  4954 | D:5      | Reached skill level 1 in Evocations
  5168 | D:5      | You fall into a shaft and drop 2 floors!
  5340 | D:7      | Reached skill level 7 in Axes
  5340 | D:7      | Reached XP level 9. HP: 39/54 MP: 9/9
  5864 | D:6      | Identified the +0 hunting sling of Dienata {venom, rElec
                  | rC+ rN+ Str+5}
  6497 | D:7      | Found a staircase to the Ecumenical Temple.
  6529 | Temple   | Entered the Ecumenical Temple
  6535 | Temple   | Became a worshipper of Warmaster Okawaru
  6826 | D:8      | Reached skill level 5 in Shields
  6837 | D:8      | Reached * piety under Okawaru
  6838 | D:8      | Reached skill level 1 in Invocations
  6839 | D:8      | Reached skill level 8 in Axes
  6850 | D:8      | Noticed a hornet
  6860 | D:8      | Reached skill level 5 in Translocations
  6860 | D:8      | Reached XP level 10. HP: 37/60 MP: 11/11
  6862 | D:8      | Reached ** piety under Okawaru
  7111 | D:8      | Found a flagged portal.
  7132 | Bailey   | Entered a bailey
  7168 | Bailey   | Found an iron altar of Okawaru.
  7443 | D:8      | Reached *** piety under Okawaru
  7458 | D:8      | Reached skill level 9 in Axes
  7970 | D:9      | Noticed Maggie
  8000 | D:9      | Killed Maggie
  8000 | D:9      | Reached **** piety under Okawaru
  8430 | D:9      | Received a gift from Okawaru
  8431 | D:9      | Reached XP level 11. HP: 55/66 MP: 14/14
  8600 | D:9      | Noticed a two-headed ogre
  8609 | D:9      | Slain by a two-headed ogre

Illustrated notes

Levels and vault maps discovered:
D:1:      dpeg_arrival_windows_large_door, layout_basic,
          ebering_ecumenical_altar_sacrificial, minmay_heptomino_w4
D:2:      layout_basic
D:3:      layout_basic, serial_shops, shop_statue,
          hangedman_abyss_or_decor_stabs, grunt_decor_arrowhead
D:4:      layout_basic, overflow_temple_1_default, kennysheep_small_spiral,
          dk_noncrumbling_2, uniq_blork_the_orc, uniq_natasha, uniq_grinder
D:5:      layout_rooms, gammafunk_temple_overflow_claw, uniq_sigmund
D:6:      layout_loops_ring
D:7:      layout_rooms, temple_pool_b, hex_tiny
D:8:      minmay_four_partial_circles, layout_gridville, enter_bailey_4
D:9:      minmay_the_grid_octo_tiled_octocenter [minmay_the_grid_octo_focus,
          minmay_the_grid_octo_thin_diamonds,
          minmay_the_grid_octo_checkerflower,
          minmay_the_grid_octo_vomiting_pacman,
          minmay_the_grid_octo_prize_single_spiral,
          minmay_the_grid_square_5x5_seven,
          minmay_the_grid_square_5x5_eight_small,
          minmay_the_grid_square_5x5_hourglass,
          minmay_the_grid_square_5x5_eight], layout_grid_maze,
          kennysheep_little_box, serial_shops, nicolae_inconvenience_store,
          uniq_maggie
Temple:   nicolae_temple_x_marks_the_god

Skill      XL: |  1  2  3  4  5  6  7  8  9 10 11 |
---------------+----------------------------------+-----
Axes           | 2 3 4 5 7 8 9 |  9.6
Translocations | 1 2 3 4 5 6 |  6.0
Fighting       | 4 5 6 |  6.7
Armour         | 4 5 6 |  6.9
Shields        | 4 5 |  5.8
Evocations     | 2 3 4 |  4.6
Invocations    | 2 4 |  4.6
Stealth        | |  0.5

Action                   |  1- 3 |  4- 6 |  7- 9 | 10-12 || total
-------------------------+-------+-------+-------+-------++-------
Melee: War axe           |   151 |   134 |   292 |   159 ||   736
  Use: Scroll            |     2 |     8 |     7 |     3 ||    20
       Potion            |       |     2 |     4 |     5 ||    11
 Stab: Sleeping          |       |     1 |       |       ||     1
Armor: Scale mail        |    88 |    60 |    90 |       ||   238
       Plate armour      |       |       |   277 |   133 ||   410
Dodge: Dodged            |    84 |    89 |   282 |   144 ||   599
Block: Buckler           |    33 |    26 |   119 |    64 ||   242

Table legend: (Time is in decaauts)
 A = Elapsed time spent in this place.
 B = Non-inter-level travel time spent in this place.
 C = Inter-level travel time spent in this place.
 D = Time resting spent in this place.
 E = Time spent auto-exploring this place.
 F = Levels seen in this place.
 G = Mean time per level.
                   A        B        C        D        E       F      G
               +--------+--------+--------+--------+--------+-----+--------+
         Total |   8784 |   8700 |     84 |    819 |   5659 |  11 |  798.5 |
       Dungeon |   8552 |   8468 |     84 |    819 |   5612 |   9 |  950.2 |
        Temple |     12 |     12 |      0 |      0 |      0 |   1 |   12.0 |
        Bailey |    220 |    220 |      0 |      0 |     47 |   1 |  220.0 |
               +--------+--------+--------+--------+--------+-----+--------+

Top non-repeatable levels by time:
     D:4: 1501 daAuts
     D:1: 1133 daAuts
     D:2: 1066 daAuts
     D:8: 1009 daAuts
     D:3: 965 daAuts
     D:5: 779 daAuts
     D:7: 742 daAuts
     D:6: 693 daAuts
     D:9: 661 daAuts
  Bailey: 220 daAuts
  Temple: 12 daAuts
